 Dungeon Crawl Stone Soup version 0.30-a0-793-g160f7cfddd (webtiles) character file.

Game seed: 15403689646535219488

18 Esekla the Sneak (level 2, 0/21 HPs)
             Began as an Octopode Delver on Feb 20, 2023.
             Succumbed to Sigmund's poison
             ... on level 4 of the Dungeon.
             The game lasted 00:05:51 (641 turns).

Esekla the Sneak (Octopode Delver)                   Turns: 641, Time: 00:05:51

Health: 0/21       AC:  1    Str: 11    XL:     2   Next: 70%
Magic:  2/2        EV: 28    Int: 12    God:
Gold:   84         SH:  0    Dex: 13    Spells: 1/1 levels left

rFire   . . .      SeeInvis .    a - +0 long sword
rCold   . . .      Faith    .    (no shield)
rNeg    . . .      Spirit   .    (helmet restricted)
rPois   .          Reflect  .    l - amulet of the acrobat
rElec   .          Harm     .    (no ring)
rCorr   .          Rampage  .    (no ring)
Will    .....                    (no ring)
Stlth   ++++                     (no ring)
HPRegen 0.23/turn                (no ring)
MPRegen 0.08/turn                (no ring)
                                 (no ring)
                                 (no ring)

@: lethally poisoned (0 -> -6), acrobatic
A: almost no armour, amphibious, 8 rings, camouflage 1, gelatinous body 1,
(nimble swimmer 1), tentacles
a: no special abilities


You were on level 4 of the Dungeon.
You visited 2 branches of the dungeon, and saw 3 of its levels.

You collected 84 gold pieces.

Inventory:

Hand Weapons
 a - a +0 long sword (weapon)
Missiles
 c - 2 poisoned darts (quivered)
Jewellery
 d - a ring of ice
 l - an amulet of the acrobat (around mantle)
Wands
 f - a wand of digging (3)
 i - a wand of paralysis (10)
Scrolls
 b - 2 scrolls of fog
 g - a scroll of identify {unknown}
 h - a scroll of enchant armour {unknown}
 j - a scroll of amnesia {unknown}
 k - a scroll of vulnerability {unknown}
Potions
 e - a potion of haste


   Skills:
 * Level 3.1 Fighting
 * Level 2.1 Long Blades
 * Level 2.1 Dodging
 + Level 7.0 Stealth
 * Level 0.4 Spellcasting


You had one spell level left.
You didn't know any spells.
Your spell library was empty.

Dungeon Overview and Level Annotations

Branches:
Dungeon (5/15)             Temple (1/1) D:4

Altars:
Cheibriados
Dithmenos
Fedhas
Kikubaaqudgha
Makhleb
Nemelex Xobeh
Qazlal
Ru
Sif Muna
Trog
Uskayaw
Vehumet
Wu Jian
Yredelemnul
Zin
The Shining One

Shops:
D:5 !:[

Annotations:
D:4 1 runed translucent door, Sigmund; dialectric's ghost, amateur DsGl
D:5 Prince Ribbit


Innate Abilities, Weirdness & Mutations

You cannot wear most types of armour.
You are amphibious.
You can wear up to eight rings at the same time.
Your skin changes colour to match your surroundings (Stealth+).
Your rubbery body absorbs attacks. (AC +1, EV +1)
((You are camouflaged when in or above water. (Stealth+)))
You have tentacles for arms and can constrict up to eight enemies at once.


Message History

The endoplasm moves out of view.
You open the door.
Found a stone staircase leading down.
There is an open door here.
You close the door.
You start resting.
HP restored.
You open the door.
There is an open door here.
There is an open door here.
You close the door.
You start waiting.
Sigmund the Dreaded opens the door.
He is wielding a +0 scythe of venom.
There is an open door here.
The endoplasm quivers.
You hit the endoplasm.
The endoplasm is severely wounded.
The endoplasm freezes you.
You are frozen.
The endoplasm barely misses you. The endoplasm freezes you.
You are frozen.
The endoplasm attacks as you move away! The endoplasm misses you.
Sigmund barely misses you.
You hit the endoplasm.
You kill the endoplasm!
Sigmund gestures at you while chanting.
You are confused.
Okay, then.
You bump into the rock wall.
Sigmund closely misses you.
You bump into the rock wall.
Sigmund hits you from afar with a +0 scythe of venom!
You are lethally poisoned!
Okay, then.
You bump into the rock wall.
* * * LOW HITPOINT WARNING * * *
You feel very sick.
You feel less confused.
* * * LOW HITPOINT WARNING * * *
You feel very sick.
You die...

...# .###...#............ ...#+
.......#........#### ....#####
..........####### ........#
######..### .8...... #..###
........# ##....## ....## #.
##......##
...#..###.#######........### #
...# #.....@..@..........### ##
...## #....####..#..........###.
.J.@########.#....#..............
##....#####.......#........#.....
##..###...@.......#........####..
#............<..............# ##.
............................# #.
.....<.....[....##..........# ##
................##..........## #


You could see Sigmund.

Vanquished Creatures
  An adder (D:4)
  A ball python (D:4)
  2 endoplasms (D:4)
  3 jackals (D:4)
  A quokka (D:5)
8 creatures vanquished.

Notes
Turn   | Place    | Note
-------+----------+-------------------------------------------
     0 | D:5      | Esekla the Octopode Delver began the quest for the Orb.
     0 | D:5      | Reached XP level 1. HP: 16/16 MP: 1/1
     8 | D:5      | Noticed an ogre
    17 | D:5      | Found Wuuczut's Antique Armour Boutique.
    18 | D:5      | Noticed an ogre
    32 | D:5      | Noticed an iguana
    65 | D:5      | Found Lorexut's Distillery.
    86 | D:5      | Found a shadowy altar of Dithmenos.
    98 | D:5      | Noticed a hound
   121 | D:5      | Noticed an orc wizard
   138 | D:5      | Noticed Prince Ribbit
   149 | D:5      | Found Koth's Book Shop.
   151 | D:5      | Noticed a water moccasin
   234 | D:4      | Noticed dialectric's ghost (amateur DsGl)
   269 | D:4      | Found a runed translucent door.
   309 | D:4      | Found a staircase to the Ecumenical Temple.
   316 | Temple   | Entered the Ecumenical Temple
   505 | D:4      | Noticed Sigmund
   512 | D:4      | Reached XP level 2. HP: 18/21 MP: 2/2
   518 | D:4      | Reached skill level 7 in Stealth
   640 | D:4      | HP: 1/21 [poisoned by Sigmund]
   641 | D:4      | Succumbed to Sigmund's poison

Illustrated notes

Levels and vault maps discovered:
D:4:      layout_cave_pods, minmay_temple_entry_mist,
          hellmonk_ghost_happy_afterlife, grunt_ministairs_6, uniq_sigmund
D:5:      layout_rooms, mainiacjoe_overflow_concentric_impassable, serial_shops,
          shop, nicolae_shop_behind_doors, nicolae_shop_statue_plus,
          gammafunk_ghost_icy, uniq_prince_ribbit1
Temple:   nicolae_temple_no_exploring_needed

Skill      XL: |  1  2 |
---------------+-------+-----
Stealth        | 7 |  7.0
Fighting       | |  3.1
Long Blades    | |  2.1
Dodging        | |  2.1
Spellcasting   | |  0.4

Action                     || total
---------------------------++-------
  Melee: Long sword        ||    14
         Falchion          ||     3
         Constrict         ||     3
         Punch             ||     1
    Use: Scroll            ||     2
 Armour: Skin              ||     1
  Dodge: Dodged            ||    29

Table legend: (Time is in decaauts)
 A = Elapsed time spent in this place.
 B = Non-inter-level travel time spent in this place.
 C = Inter-level travel time spent in this place.
 D = Time resting spent in this place.
 E = Time spent auto-exploring this place.
 F = Levels seen in this place.
 G = Mean time per level.
                   A        B        C        D        E       F      G
               +--------+--------+--------+--------+--------+-----+--------+
         Total |    645 |    645 |      0 |     63 |    118 |   3 |  215.0 |
       Dungeon |    643 |    643 |      0 |     63 |    118 |   2 |  321.5 |
        Temple |      1 |      1 |      0 |      0 |      0 |   1 |    1.0 |
               +--------+--------+--------+--------+--------+-----+--------+

Top non-repeatable levels by time:
     D:4: 484 daAuts
     D:5: 159 daAuts
  Temple: 1 daAuts
